General information
- name: BNet
- type: Ladder team game (AT/RT)
- host: Battle.net
- saver: iggy_the_fisk
map: SilverpineForest
- players: 6
- length: 81:55
- speed: Fast
- version: 1.21 W3XP
- replay type:

» download(499 KB)
Players
team 1 (winner)
iggy_the_fisk (
red | 66 APM | 5426 actions | 81:55)
6 Archmage
2 Summon Water Elemental
2 Brilliance Aura
2 Blizzard
5 Mountain King
3 Storm Bolt
2 Bash
» actions
| Assign group hotkey | 328 | |
| Basic commands | 68 | |
| Build / train | 175 | |
| Enter build submenu | 88 | |
| Enter hero's abilities submenu | 11 | |
| Give item / drop item | 7 | |
| Remove unit from queue | 15 | |
| Right click | 2545 | |
| Select / deselect | 737 | |
| Select group hotkey | 1030 | |
| Use ability | 422 | |
5426 total
» units
| Peasant | 29 | |
| Dragonhawk Rider | 18 | |
| Goblin Zeppelin | 1 | |
48 total
» upgrades
| Masonry | 3 | |
| Lumber Harvesting | 2 | |
| Magic Sentry | 1 | |
| Swords | 3 | |
| Armor | 3 | |
| Animal War Training | 1 | |
| Cloud | 1 | |
14 total
» buildings
| Altar of Kings | 1 | |
| Lumber Mill | 1 | |
| Farm | 15 | |
| Scout Tower | 78 | |
| Arcane Tower | 5 | |
| Guard Tower | 42 | |
| Town Hall | 1 | |
| Arcane Vault | 1 | |
| Keep | 3 | |
| Castle | 5 | |
| Arcane Sanctum | 1 | |
| Gryphon Aviary | 3 | |
| Barracks | 1 | |
| Blacksmith | 1 | |
158 total
» build order
00:06 Altar of Kings
00:19 Lumber Mill
00:29 Farm
00:59 Farm
01:17 Farm
01:20 Scout Tower
01:46 Arcane Tower
01:46 Arcane Tower
01:48 Scout Tower
02:17 Guard Tower
02:18 Scout Tower
02:47 Guard Tower
02:48 Scout Tower
03:25 Guard Tower
03:45 Scout Tower
04:11 Arcane Tower
04:47 Scout Tower
04:48 Scout Tower
05:13 Town Hall
05:15 Scout Tower
05:16 Scout Tower
05:18 Scout Tower
05:19 Scout Tower
05:21 Scout Tower
05:22 Scout Tower
05:24 Scout Tower
05:25 Scout Tower
05:27 Scout Tower
05:27 Scout Tower
05:43 Guard Tower
05:47 Guard Tower
05:50 Guard Tower
05:51 Guard Tower
06:09 Guard Tower
06:21 Guard Tower
06:28 Guard Tower
06:30 Arcane Vault
06:32 Scout Tower
06:32 Scout Tower
06:35 Scout Tower
06:38 Scout Tower
06:52 Keep
06:53 Keep
07:12 Guard Tower
07:14 Scout Tower
07:16 Scout Tower
07:22 Scout Tower
07:23 Scout Tower
07:25 Farm
07:26 Farm
07:35 Guard Tower
07:36 Scout Tower
07:37 Scout Tower
07:39 Scout Tower
07:40 Scout Tower
07:41 Scout Tower
07:46 Guard Tower
07:48 Scout Tower
07:50 Scout Tower
07:51 Scout Tower
07:55 Scout Tower
07:57 Scout Tower
07:58 Scout Tower
08:05 Guard Tower
08:19 Guard Tower
08:25 Scout Tower
08:31 Guard Tower
08:33 Scout Tower
08:34 Scout Tower
08:35 Guard Tower
08:38 Scout Tower
08:38 Scout Tower
08:39 Scout Tower
08:40 Scout Tower
08:56 Guard Tower
08:59 Guard Tower
09:02 Farm
09:20 Guard Tower
09:28 Guard Tower
09:41 Guard Tower
10:15 Castle
10:15 Castle
10:15 Castle
10:16 Castle
10:27 Arcane Sanctum
10:29 Guard Tower
11:23 Gryphon Aviary
11:45 Barracks
11:47 Blacksmith
11:51 Scout Tower
11:52 Scout Tower
11:53 Scout Tower
11:53 Scout Tower
12:44 Scout Tower
12:46 Scout Tower
12:48 Guard Tower
13:28 Guard Tower
13:42 Guard Tower
13:45 Scout Tower
13:46 Scout Tower
13:51 Scout Tower
13:52 Scout Tower
14:31 Guard Tower
15:23 Guard Tower
15:30 Guard Tower
15:57 Guard Tower
19:26 Scout Tower
19:27 Scout Tower
20:09 Scout Tower
20:27 Scout Tower
20:48 Scout Tower
20:50 Scout Tower
21:13 Scout Tower
21:14 Scout Tower
21:16 Scout Tower
21:17 Scout Tower
21:19 Guard Tower
21:20 Scout Tower
21:21 Scout Tower
21:35 Scout Tower
21:41 Scout Tower
21:49 Guard Tower
23:18 Guard Tower
23:25 Scout Tower
23:26 Scout Tower
23:28 Guard Tower
28:09 Guard Tower
39:13 Farm
39:14 Farm
39:14 Farm
39:15 Farm
39:16 Farm
39:16 Farm
39:20 Gryphon Aviary
39:23 Gryphon Aviary
42:01 Farm
42:02 Farm
42:02 Farm
46:35 Scout Tower
47:09 Guard Tower
47:13 Scout Tower
47:48 Scout Tower
47:50 Scout Tower
48:20 Scout Tower
48:45 Guard Tower
48:56 Guard Tower
49:00 Scout Tower
49:03 Scout Tower
49:42 Guard Tower
50:30 Guard Tower
52:40 Scout Tower
55:13 Arcane Tower
61:22 Scout Tower
61:53 Arcane Tower
» items
| Scroll of Regeneration | 9 | |
| Boots of Speed | 2 | |
| Tome of Retraining | 1 | |
| Staff of Teleportation | 2 | |
| Staff of Sanctuary | 2 | |
| Scroll of Town Portal | 5 | |
| Orb of Venom | 1 | |
| Potion of Healing | 1 | |
23 total

»
razrazraz (
pink | 115 APM | 9390 actions | 81:54)
9 Warden
3 Shadow Strike
3 Blink
3 Fan of Knives
» actions
| Assign group hotkey | 1008 | |
| Basic commands | 282 | |
| Build / train | 127 | |
| ESC pressed | 12 | |
| Enter build submenu | 54 | |
| Enter hero's abilities submenu | 9 | |
| Give item / drop item | 9 | |
| Right click | 4588 | |
| Select / deselect | 792 | |
| Select group hotkey | 1986 | |
| Use ability | 523 | |
9390 total
» units
| Wisp | 62 | |
| Hippogryph | 18 | |
| Chimaera | 2 | |
82 total
» upgrades
| Strength of the Wild | 3 | |
| Corrosive Breath | 1 | |
| Nature's Blessing | 1 | |
| Reinforced Hides | 3 | |
| Well Spring | 1 | |
| Moon Armor | 1 | |
| Ultravision | 1 | |
11 total
» buildings
| Altar of Elders | 1 | |
| Moon Well | 9 | |
| Tree of Life | 3 | |
| Tree of Ages | 3 | |
| Hunter's Hall | 1 | |
| Ancient of Wind | 9 | |
| Tree of Eternity | 3 | |
| Chimaera Roost | 5 | |
| Ancient of War | 17 | |
| Ancient of Wonders | 4 | |
55 total
» build order
00:03 Altar of Elders
00:18 Moon Well
01:29 Moon Well
04:05 Tree of Life
05:34 Moon Well
05:40 Tree of Ages
05:40 Tree of Ages
06:01 Moon Well
06:57 Hunter's Hall
08:19 Ancient of Wind
08:20 Ancient of Wind
08:59 Ancient of Wind
10:38 Tree of Eternity
10:39 Tree of Eternity
13:03 Chimaera Roost
13:04 Chimaera Roost
13:47 Chimaera Roost
13:51 Chimaera Roost
14:19 Chimaera Roost
15:02 Ancient of War
15:13 Moon Well
15:14 Moon Well
15:14 Moon Well
17:44 Ancient of Wonders
17:45 Ancient of Wonders
17:45 Ancient of Wonders
17:46 Ancient of Wonders
20:11 Ancient of Wind
20:13 Ancient of Wind
20:14 Ancient of Wind
21:26 Ancient of Wind
21:27 Ancient of Wind
21:31 Ancient of Wind
22:37 Moon Well
22:40 Moon Well
25:50 Ancient of War
25:52 Ancient of War
25:53 Ancient of War
27:30 Ancient of War
27:31 Ancient of War
28:15 Ancient of War
28:16 Ancient of War
28:17 Ancient of War
29:14 Ancient of War
29:24 Ancient of War
30:03 Ancient of War
30:12 Tree of Life
30:31 Ancient of War
32:22 Ancient of War
32:22 Ancient of War
32:23 Ancient of War
32:24 Ancient of War
43:12 Tree of Life
» items
| Potion of Lesser Invulnerability | 4 | |
| Boots of Speed | 1 | |
| Claws of Attack +9 | 2 | |
| Anti-magic Potion | 2 | |
| Potion of Healing | 1 | |
| Lesser Clarity Potion | 2 | |
| Scroll of Regeneration | 1 | |
| Scroll of Town Portal | 1 | |
| Periapt of Vitality | 1 | |
| Staff of Teleportation | 1 | |
16 total
timg4strOK (
orange | 85 APM | 6991 actions | 81:54)
5 Archmage
3 Blizzard
2 Brilliance Aura
5 Mountain King
3 Storm Bolt
2 Bash
5 Paladin
3 Holy Light
2 Divine Shield
» actions
| Assign group hotkey | 31 | |
| Basic commands | 191 | |
| Build / train | 169 | |
| ESC pressed | 1 | |
| Enter build submenu | 116 | |
| Enter hero's abilities submenu | 16 | |
| Give item / drop item | 8 | |
| Right click | 3194 | |
| Select / deselect | 567 | |
| Select group hotkey | 2152 | |
| Use ability | 546 | |
6991 total
» units
| Peasant | 17 | |
| Dragonhawk Rider | 16 | |
| Goblin Zeppelin | 1 | |
| Priest | 4 | |
| Sorceress | 2 | |
40 total
» upgrades
| Masonry | 3 | |
| Magic Sentry | 1 | |
| Armor | 3 | |
| Cloud | 1 | |
| Swords | 3 | |
| Animal War Training | 1 | |
| Sorceress Training | 2 | |
| Priest Training | 2 | |
| Storm Hammers | 1 | |
17 total
» buildings
| Altar of Kings | 3 | |
| Lumber Mill | 2 | |
| Farm | 14 | |
| Scout Tower | 151 | |
| Arcane Tower | 8 | |
| Guard Tower | 63 | |
| Keep | 1 | |
| Town Hall | 2 | |
| Arcane Sanctum | 1 | |
| Gryphon Aviary | 3 | |
| Arcane Vault | 2 | |
| Blacksmith | 1 | |
| Castle | 1 | |
| Barracks | 1 | |
253 total
» build order
00:16 Altar of Kings
00:32 Lumber Mill
00:37 Farm
01:13 Scout Tower
01:17 Scout Tower
01:31 Farm
01:39 Arcane Tower
01:40 Scout Tower
01:44 Scout Tower
01:51 Arcane Tower
01:51 Arcane Tower
02:01 Scout Tower
02:15 Scout Tower
02:24 Scout Tower
02:28 Guard Tower
02:30 Scout Tower
02:39 Scout Tower
02:42 Arcane Tower
03:26 Guard Tower
03:28 Guard Tower
03:29 Scout Tower
03:32 Guard Tower
03:37 Scout Tower
03:38 Scout Tower
03:39 Guard Tower
03:40 Scout Tower
03:44 Scout Tower
03:45 Scout Tower
03:50 Scout Tower
03:59 Guard Tower
04:01 Scout Tower
04:08 Guard Tower
04:10 Scout Tower
04:11 Scout Tower
04:13 Scout Tower
04:22 Guard Tower
04:29 Guard Tower
04:33 Scout Tower
04:53 Guard Tower
04:56 Guard Tower
05:12 Scout Tower
05:26 Keep
05:29 Scout Tower
05:31 Scout Tower
05:32 Scout Tower
05:40 Scout Tower
05:40 Scout Tower
05:41 Scout Tower
05:49 Guard Tower
05:52 Scout Tower
05:55 Scout Tower
06:09 Guard Tower
06:41 Guard Tower
06:45 Scout Tower
06:46 Scout Tower
06:52 Scout Tower
06:53 Scout Tower
06:54 Scout Tower
06:55 Scout Tower
06:56 Scout Tower
06:57 Scout Tower
06:59 Scout Tower
07:00 Scout Tower
07:01 Scout Tower
07:04 Scout Tower
07:14 Guard Tower
07:16 Scout Tower
07:18 Scout Tower
07:19 Guard Tower
07:23 Guard Tower
07:35 Guard Tower
07:44 Scout Tower
07:44 Scout Tower
08:01 Scout Tower
08:03 Guard Tower
08:15 Guard Tower
08:46 Town Hall
08:58 Guard Tower
09:00 Scout Tower
09:01 Scout Tower
09:06 Guard Tower
09:47 Guard Tower
09:58 Arcane Sanctum
10:05 Scout Tower
10:05 Scout Tower
10:06 Scout Tower
10:06 Scout Tower
10:07 Scout Tower
10:08 Scout Tower
10:10 Guard Tower
11:18 Scout Tower
11:19 Scout Tower
11:19 Scout Tower
11:20 Scout Tower
11:20 Scout Tower
11:22 Gryphon Aviary
11:24 Gryphon Aviary
11:28 Arcane Vault
11:28 Arcane Vault
11:31 Blacksmith
11:36 Guard Tower
11:38 Guard Tower
11:39 Guard Tower
11:55 Guard Tower
12:00 Guard Tower
12:02 Farm
12:04 Farm
12:07 Scout Tower
12:08 Scout Tower
12:20 Guard Tower
12:21 Scout Tower
12:23 Scout Tower
12:31 Scout Tower
12:32 Scout Tower
12:33 Scout Tower
12:34 Scout Tower
12:35 Scout Tower
12:35 Scout Tower
12:39 Scout Tower
12:39 Scout Tower
12:40 Scout Tower
12:41 Scout Tower
12:42 Scout Tower
12:43 Scout Tower
12:44 Guard Tower
12:45 Guard Tower
12:45 Guard Tower
13:31 Guard Tower
13:36 Castle
13:46 Guard Tower
16:10 Farm
16:20 Barracks
16:27 Guard Tower
17:32 Scout Tower
17:39 Scout Tower
17:42 Scout Tower
17:43 Scout Tower
17:44 Scout Tower
17:47 Scout Tower
17:47 Scout Tower
17:48 Scout Tower
18:06 Guard Tower
18:09 Scout Tower
18:10 Scout Tower
18:11 Scout Tower
18:12 Scout Tower
18:13 Scout Tower
18:14 Scout Tower
18:15 Scout Tower
18:15 Scout Tower
18:16 Scout Tower
21:03 Guard Tower
21:27 Scout Tower
21:28 Scout Tower
21:29 Scout Tower
21:31 Scout Tower
21:32 Scout Tower
21:33 Scout Tower
21:35 Scout Tower
22:06 Scout Tower
22:07 Scout Tower
22:08 Scout Tower
22:08 Scout Tower
22:09 Scout Tower
22:18 Scout Tower
22:19 Scout Tower
22:21 Scout Tower
22:21 Scout Tower
22:22 Scout Tower
22:25 Scout Tower
22:26 Scout Tower
22:27 Scout Tower
22:28 Scout Tower
22:29 Scout Tower
22:29 Scout Tower
22:34 Guard Tower
22:36 Scout Tower
22:37 Scout Tower
22:37 Scout Tower
22:38 Scout Tower
22:42 Lumber Mill
22:53 Guard Tower
23:15 Guard Tower
23:22 Guard Tower
23:25 Guard Tower
23:30 Guard Tower
24:08 Guard Tower
25:11 Guard Tower
25:16 Guard Tower
26:00 Altar of Kings
26:02 Altar of Kings
26:09 Farm
26:10 Farm
26:11 Farm
26:11 Farm
26:12 Farm
26:14 Farm
26:17 Farm
26:18 Farm
26:20 Farm
29:13 Scout Tower
29:14 Scout Tower
29:16 Scout Tower
29:21 Scout Tower
29:23 Scout Tower
29:25 Scout Tower
30:17 Guard Tower
30:30 Scout Tower
30:31 Scout Tower
30:54 Guard Tower
31:07 Guard Tower
31:14 Guard Tower
31:36 Guard Tower
38:35 Town Hall
46:49 Scout Tower
46:51 Gryphon Aviary
47:18 Guard Tower
47:20 Scout Tower
47:21 Scout Tower
48:31 Guard Tower
50:32 Scout Tower
50:34 Scout Tower
50:36 Scout Tower
52:01 Arcane Tower
52:04 Scout Tower
52:05 Scout Tower
52:07 Scout Tower
52:08 Scout Tower
52:14 Scout Tower
52:15 Scout Tower
53:41 Guard Tower
54:34 Scout Tower
54:38 Scout Tower
54:39 Scout Tower
54:40 Scout Tower
54:43 Guard Tower
55:07 Guard Tower
56:30 Guard Tower
56:33 Scout Tower
56:34 Scout Tower
56:35 Scout Tower
57:34 Guard Tower
57:49 Scout Tower
57:50 Scout Tower
58:06 Guard Tower
58:58 Guard Tower
69:39 Scout Tower
69:44 Scout Tower
70:11 Arcane Tower
71:03 Arcane Tower
» items
| Boots of Speed | 3 | |
| Staff of Teleportation | 3 | |
| Scroll of Regeneration | 1 | |
| Staff of Sanctuary | 3 | |
| Orb of Venom | 3 | |
| Ring of Regeneration | 1 | |
| Amulet of Spell Shield | 1 | |
| Medallion of Courage | 1 | |
| Pendant of Mana | 1 | |
| Ancient Janggo of Endurance | 1 | |
| Staff of Silence | 1 | |
19 total
team 2 (loser)
DaveVideoGame (
teal | 46 APM | 3757 actions | 81:54)
6 Death Knight
3 Death Coil
2 Unholy Aura
1 Animate Dead
6 Lich
3 Frost Nova
2 Frost Armor
1 Death and Decay
5 Crypt Lord
3 Impale
2 Spiked Carapace
1 Keeper of the Grove
1 Force of Nature
» actions
| Assign group hotkey | 53 | |
| Basic commands | 274 | |
| Build / train | 158 | |
| ESC pressed | 4 | |
| Enter build submenu | 36 | |
| Enter hero's abilities submenu | 18 | |
| Give item / drop item | 3 | |
| Right click | 1383 | |
| Select / deselect | 1032 | |
| Select group hotkey | 506 | |
| Use ability | 289 | |
3757 total
» units
| Acolyte | 39 | |
| Ghoul | 6 | |
| Crypt Fiend | 19 | |
| Obsidian Statue | 5 | |
| Gargoyle | 1 | |
| Frost Wyrm | 24 | |
| Meatwagon | 21 | |
| Goblin Zeppelin | 3 | |
118 total
» upgrades
| Web | 1 | |
| Burrow | 1 | |
| Creature Attack | 2 | |
| Creature Carapace | 1 | |
| Ghoul Frenzy | 1 | |
| Freezing Breath | 1 | |
| Unholy Strength | 3 | |
10 total
» buildings
| Altar of Darkness | 1 | |
| Ziggurat | 18 | |
| Crypt | 1 | |
| Tomb of Relics | 1 | |
| Graveyard | 2 | |
| Nerubian Tower | 2 | |
| Halls of the Dead | 1 | |
| Sacrificial Pit | 1 | |
| Black Citadel | 1 | |
| Slaughterhouse | 1 | |
| Boneyard | 3 | |
| Spirit Tower | 2 | |
34 total
» build order
00:09 Altar of Darkness
00:11 Ziggurat
00:35 Crypt
00:39 Tomb of Relics
01:02 Graveyard
01:09 Graveyard
01:24 Ziggurat
02:48 Nerubian Tower
04:24 Halls of the Dead
05:06 Ziggurat
07:46 Ziggurat
07:48 Ziggurat
08:00 Sacrificial Pit
08:04 Ziggurat
08:06 Ziggurat
08:14 Ziggurat
08:15 Ziggurat
08:18 Ziggurat
10:26 Black Citadel
12:09 Slaughterhouse
13:39 Boneyard
14:18 Boneyard
14:33 Boneyard
22:02 Ziggurat
22:03 Ziggurat
23:32 Ziggurat
23:34 Ziggurat
28:20 Ziggurat
28:21 Ziggurat
28:23 Ziggurat
28:40 Ziggurat
29:37 Spirit Tower
30:03 Spirit Tower
30:12 Nerubian Tower
» items
| Rod of Necromancy | 1 | |
| Dust of Appearance | 1 | |
2 total
IcY.MaN (
yellow | 78 APM | 3304 actions | 42:10)
8 Keeper of the Grove
3 Entangling Roots
3 Thorns Aura
1 Tranquility
1 Force of Nature
» actions
| Assign group hotkey | 12 | |
| Basic commands | 473 | |
| Build / train | 68 | |
| ESC pressed | 2 | |
| Enter build submenu | 20 | |
| Enter hero's abilities submenu | 8 | |
| Give item / drop item | 2 | |
| Right click | 1845 | |
| Select / deselect | 661 | |
| Select group hotkey | 8 | |
| Use ability | 204 | |
3304 total
» units
| Wisp | 25 | |
| Huntress | 4 | |
| Glaive Thrower | 1 | |
| Chimaera | 16 | |
| Hippogryph | 3 | |
49 total
» upgrades
| Corrosive Breath | 1 | |
| Strength of the Wild | 3 | |
| Reinforced Hides | 2 | |
6 total
» buildings
| Moon Well | 8 | |
| Altar of Elders | 1 | |
| Hunter's Hall | 1 | |
| Ancient of War | 2 | |
| Tree of Life | 2 | |
| Tree of Ages | 1 | |
| Tree of Eternity | 1 | |
| Ancient of Wind | 1 | |
| Chimaera Roost | 4 | |
21 total
» build order
00:11 Moon Well
00:12 Altar of Elders
01:53 Hunter's Hall
02:08 Ancient of War
02:11 Ancient of War
02:31 Moon Well
02:52 Moon Well
05:09 Tree of Life
06:28 Tree of Ages
08:50 Tree of Eternity
08:51 Ancient of Wind
09:54 Moon Well
11:14 Chimaera Roost
11:16 Chimaera Roost
12:10 Chimaera Roost
12:12 Chimaera Roost
12:16 Moon Well
13:13 Moon Well
13:49 Moon Well
14:18 Moon Well
33:50 Tree of Life
» items

»
Qsama (
green | 30 APM | 2318 actions | 77:34)
7 Blademaster
3 Wind Walk
3 Critical Strike
1 Bladestorm
1 Keeper of the Grove
1 Force of Nature
» actions
| Assign group hotkey | 55 | |
| Basic commands | 21 | |
| Build / train | 96 | |
| Enter build submenu | 17 | |
| Enter hero's abilities submenu | 8 | |
| Give item / drop item | 4 | |
| Right click | 1270 | |
| Select / deselect | 447 | |
| Select group hotkey | 213 | |
| Use ability | 187 | |
2318 total
» units
| Peon | 20 | |
| Grunt | 3 | |
| Troll Headhunter/Berserker | 3 | |
| Wind Rider | 26 | |
| Troll Batrider | 13 | |
| Demolisher | 7 | |
| Goblin Zeppelin | 1 | |
73 total
» upgrades
| Armor | 2 | |
| Ranged Weapons | 3 | |
| Envenomed Spears | 1 | |
6 total
» buildings
| Altar of Storms | 1 | |
| Orc Burrow | 8 | |
| Barracks | 1 | |
| Voodoo Lounge | 1 | |
| War Mill | 1 | |
| Stronghold | 1 | |
| Beastiary | 2 | |
| Great Hall | 2 | |
| Fortress | 1 | |
18 total
» build order
00:18 Altar of Storms
00:29 Orc Burrow
00:35 Barracks
01:52 Orc Burrow
02:16 Voodoo Lounge
03:35 Orc Burrow
03:52 War Mill
04:00 Stronghold
04:47 Orc Burrow
06:28 Beastiary
06:33 Beastiary
06:46 Great Hall
09:07 Orc Burrow
11:35 Orc Burrow
12:39 Orc Burrow
14:05 Orc Burrow
15:50 Fortress
40:29 Great Hall
» items
| Lesser Clarity Potion | 2 | |
| Orb of Lightning | 1 | |
| Potion of Healing | 2 | |
| Potion of Greater Healing | 1 | |
6 total
Chat log
(00:08 / Allies) razrazraz: yeah sorry
(00:12 / Allies) razrazraz: im still messing with my audio levels
(00:15 / Allies) razrazraz: i cant hear you guys
(00:16 / Allies) razrazraz: oh haha
(00:28 / Allies) timg4strOK: feed me i tower you
(00:32 / Allies) razrazraz: yeah wood right
(00:40 / Allies) razrazraz: i think i've seen it once
(15:12 / All) iggy_the_fisk: thanks for being a noob
(16:32 / All) iggy_the_fisk: thanks again
(17:25 / Allies) razrazraz: yeah
(17:29 / All) iggy_the_fisk: damn yellow
(17:31 / Allies) razrazraz: which are you
(17:33 / Allies) razrazraz: sorry
(18:30 / All) iggy_the_fisk: wooow
(19:23 / All) iggy_the_fisk: leave noobs
(19:23 / All) iggy_the_fisk: bye
(20:53 / All) iggy_the_fisk: You should quit now noobs
(20:53 / All) iggy_the_fisk: bye
(25:16 / All) iggy_the_fisk: nice green
(25:17 / All) iggy_the_fisk: U noob?
(25:20 / All) iggy_the_fisk: qsama
(25:20 / All) iggy_the_fisk: leave
(27:49 / All) iggy_the_fisk: Heya noobs
(27:56 / All) iggy_the_fisk: why have you not left this game
(30:34 / All) timg4strOK: jesus cHIRSt!!!
(30:40 / All) iggy_the_fisk: nooba
(34:05 / All) timg4strOK: you guys are doing good down here keep it up
(34:09 / All) timg4strOK: making a lot of progress
(36:56 / All) iggy_the_fisk: dave videogame
(36:58 / All) iggy_the_fisk: big noob
(38:10 / All) iggy_the_fisk: thanks for being noobs
(38:12 / All) iggy_the_fisk: you want some gold?
(42:15 / All) timg4strOK: LMAO
(43:06 / All) iggy_the_fisk: fu noobelf
(51:32 / All) timg4strOK: fuck u noopes
(52:24 / All) timg4strOK: drop hack LOL
(53:08 / All) DaveVideoGame: lol
(53:13 / All) iggy_the_fisk: Owned agai noob
(53:22 / All) DaveVideoGame: plz leave
(53:28 / All) DaveVideoGame: why havent you left yet?
(53:31 / All) iggy_the_fisk: loses a meatwagon to aow
(53:32 / All) iggy_the_fisk: bzrk trash
(53:38 / All) timg4strOK: becasue we beat you fair and square
(53:50 / All) iggy_the_fisk: just got lucky with imbalanced chimpaera
(53:59 / All) iggy_the_fisk: fu noob
(54:07 / All) DaveVideoGame: yellow couldnt control em for shit
(54:25 / All) iggy_the_fisk: he's mentally chimpaered fu
(54:29 / All) iggy_the_fisk: nazi noob trash
(54:58 / All) iggy_the_fisk: leave we deserve this win
(55:11 / All) DaveVideoGame: it was a really nice strat lmao
(55:20 / All) DaveVideoGame: for a while there we were useless haha
(55:32 / All) iggy_the_fisk: a pretty long while
(56:37 / All) DaveVideoGame: wow
(56:42 / All) DaveVideoGame: 5 chim roosts lol
(56:57 / All) DaveVideoGame: wtb starfall
(57:02 / All) timg4strOK: ug uys are attarded
(57:03 / All) iggy_the_fisk: Is called macro noob
(57:06 / All) DaveVideoGame: oooh even better
(59:34 / All) timg4strOK: jesu christ
(59:41 / All) timg4strOK: you guys soooo bad
(62:20 / All) timg4strOK: pussy hide and coil Lol
(62:25 / All) DaveVideoGame: lol
(62:40 / All) DaveVideoGame: aww
(62:44 / All) DaveVideoGame: towers stoll my tower kill
(64:40 / Allies) razrazraz: that was it
(64:46 / All) timg4strOK: gg u win
(64:50 / All) DaveVideoGame: lol
(64:51 / All) iggy_the_fisk: Luckernoob
(64:54 / All) DaveVideoGame: still the epic fight :-P
(66:51 / Allies) razrazraz: nope
(67:20 / Allies) razrazraz: ate through
(69:20 / Allies) razrazraz: theres the zeppelin
(69:22 / All) timg4strOK: why u guys sucks
(71:12 / All) Qsama: gay bitch nubs
(71:18 / All) Qsama: how does cock taste?
(71:27 / All) timg4strOK: how does losing taste LOL!!!!!!
(71:42 / All) iggy_the_fisk: numa numa guy LOL
(72:01 / Allies) razrazraz: brb
(72:14 / Allies) razrazraz: oh that wasnt smart huh
(72:22 / Allies) razrazraz: oh well they wont find those
(72:28 / Allies) razrazraz: please staff me down when the cd is up
(72:29 / Allies) razrazraz: brb
(72:37 / All) iggy_the_fisk: nice loss noobs thanks bye
(72:51 / All) iggy_the_fisk: another fine game by DaveVideoGame
(72:55 / All) timg4strOK: www.highper.ch for replays of noobs like you losing to us this same exact way
(73:11 / All) iggy_the_fisk: well actually some of them are way better than you
(73:39 / All) iggy_the_fisk: we usually at least lose an expansion unwillingly
(73:47 / All) iggy_the_fisk: but not this game thanks
(75:57 / All) timg4strOK: gj
(76:08 / All) iggy_the_fisk: another sweet move by team shits
(76:08 / All) timg4strOK: gj n1
(76:25 / All) DaveVideoGame: why ty
(77:08 / All) iggy_the_fisk: gg noobs bye
(77:09 / All) iggy_the_fisk: damn you suck
(77:42 / All) DaveVideoGame: dannnng
(77:47 / All) timg4strOK: leave shit bit noob
(77:55 / All) DaveVideoGame: why didnt you attack
(77:58 / All) DaveVideoGame: if you had
(77:59 / All) DaveVideoGame: all of that
(78:05 / All) iggy_the_fisk: we won this game 5 minutes into it
(78:07 / All) DaveVideoGame: nubs
(78:12 / All) iggy_the_fisk: Not our fault you're too noob to realize
(78:12 / All) timg4strOK: LOL
(78:24 / All) iggy_the_fisk: want some gold i have 8748
(78:24 / All) DaveVideoGame: you could have won 30 minutes ago
(78:30 / All) iggy_the_fisk: nope more than that
(78:30 / All) DaveVideoGame: not my fault you waited this long to attack
(78:34 / All) timg4strOK: you could have left 30 minutes ago
(78:41 / All) DaveVideoGame: it wasnt over
(78:44 / All) DaveVideoGame: 30 minutes ago
(78:45 / All) iggy_the_fisk: stupid scrub
(78:47 / All) iggy_the_fisk: yes it was
(78:49 / All) razrazraz: it was
(78:50 / All) iggy_the_fisk: lmao damn you have no game sense
(79:18 / All) DaveVideoGame: i had mass siege
(79:21 / All) DaveVideoGame: you could have won it
(79:21 / All) iggy_the_fisk: thanks for getting owned check out www.highper.ch while your noob base falls
(79:25 / All) timg4strOK: we did win it
(79:26 / All) razrazraz: that beats mass air every time
(79:31 / All) timg4strOK: we won it at start, in middle and right now
(79:37 / All) iggy_the_fisk: a tour de force
(79:46 / All) timg4strOK: there was not one point in this game where you were close to winning sorry shit noob
(79:52 / All) timg4strOK: i string you along like a little puppet
(79:54 / All) timg4strOK: dance bitch
(79:55 / All) DaveVideoGame: i never said we were close
(80:00 / All) DaveVideoGame: i just said you could have won
(80:01 / All) DaveVideoGame: much earlier
(80:03 / All) DaveVideoGame: than you did
(80:03 / All) timg4strOK: shut up & dance
(80:06 / All) timg4strOK: then bow and kiss my feet
(80:10 / All) timg4strOK: bowe
(80:11 / All) timg4strOK: bow
(80:12 / All) iggy_the_fisk: www.highper.ch thanks
(80:13 / All) timg4strOK: bow
(80:13 / All) timg4strOK: bow
(80:13 / All) timg4strOK: bow
(80:14 / All) timg4strOK: bow
(80:14 / All) timg4strOK: bow
(80:15 / All) timg4strOK: bow
(80:16 / All) timg4strOK: Bow
(80:16 / All) timg4strOK: bow
(80:18 / All) timg4strOK: bow
(80:19 / All) timg4strOK: bow
(80:20 / All) timg4strOK: bow
(80:20 / All) timg4strOK: bow
(80:21 / All) timg4strOK: bow
(80:22 / All) timg4strOK: bow
(80:22 / All) timg4strOK: bow
(80:25 / All) timg4strOK: ???
(80:26 / All) timg4strOK: ?
(80:27 / All) timg4strOK: ??
(80:28 / All) timg4strOK: ???
(80:30 / All) DaveVideoGame: and green massed stupid units
(80:38 / All) iggy_the_fisk: and davevideogame ran his dk into towers
(80:38 / All) timg4strOK: lucky we get m,atched up vs. 3 of battle.net's shittiest shit noobs
(80:47 / All) DaveVideoGame: that wasnt me
(80:49 / All) DaveVideoGame: that was yellow
(80:50 / All) timg4strOK: leave
(80:51 / All) DaveVideoGame: with shared units
(80:56 / All) iggy_the_fisk: bye filth noob
(80:57 / All) timg4strOK: bow and kiss at my feet before you go
(80:59 / All) iggy_the_fisk: 1v1? lmao
(81:01 / All) iggy_the_fisk: nub
(81:04 / All) DaveVideoGame: i'll 1v1
(81:18 / All) timg4strOK: sweet we get to watch another display of dave"sub 45 apm"videogame
(81:20 / All) iggy_the_fisk: no dodging crapbit
(81:38 / All) DaveVideoGame: ok let's solo then
(81:47 / All) iggy_the_fisk: Noob boob
(81:48 / All) timg4strOK: leave shit tard
(81:53 / All) timg4strOK: usa #1